 Dungeon Crawl Stone Soup version 0.27-a0-1232-gc6a4cbde82 (webtiles) character file.

Game seed: 16524453783663775081

108 mordus the Ruffian (level 4, -5/42 (44) HPs)
             Began as a Troll Monk on June 8, 2021.
             Slain by a wight
             ... wielding a +3 hand axe
              (7 damage)
             ... on level 3 of the Dungeon.
             The game lasted 00:02:08 (1496 turns).

mordus the Ruffian (Troll Monk)                     Turns: 1496, Time: 00:02:09

HP:   -5/42 (44)    AC:  4    Str: 19    XL:     4   Next: 58%
MP:   3/3           EV: 10    Int:  6    God:
Gold: 124           SH:  0    Dex: 13    Spells: 3/3 levels left

rFire    . . .     SeeInvis .     - Unarmed
rCold    . . .     Faith    .   (no shield)
rNeg     . . .     Spirit   .   a - +0 robe
rPois    .         Reflect  .   (helmet restricted)
rElec    .         Harm     .   (no cloak)
rCorr    .         Rampage  .   (gloves unavailable)
Will     .....                  (boots unavailable)
Stlth    ++........             (no amulet)
HPRegen  1.14/turn              (no ring)
MPRegen  0.08/turn              (no ring)

@: lightly drained
A: large, unfitting armour, claws 3, regeneration 1, shaggy fur 1, tough skin 1
a: no special abilities


You were on level 3 of the Dungeon.
You visited 1 branch of the dungeon, and saw 3 of its levels.

You collected 124 gold pieces.

Inventory:

Hand Weapons
 l - a +0 club
Armour
 a - a +0 robe (worn)
Scrolls
 b - a scroll of fear {unknown}
 d - 2 scrolls of identify {unknown}
 e - 2 scrolls of enchant armour {unknown}
 f - a scroll of torment {unknown}
 g - 3 scrolls of teleportation {unknown}
 j - a scroll of immolation {unknown}
 k - a scroll of acquirement {unknown}
Potions
 c - a potion of flight {unknown}
 h - 3 potions of lignification {unknown}
 i - a potion of curing {unknown}


   Skills:
 - Level 2.4 Fighting
 + Level 0.4 Maces & Flails
 + Level 3.2 Dodging
 - Level 1.0 Stealth
 * Level 4.7 Unarmed Combat


You had 3 spell levels left.
You didn't know any spells.
Your spell library was empty.

Dungeon Overview and Level Annotations

Branches:
Dungeon (3/15)

Altars:


Innate Abilities, Weirdness & Mutations

You are too large for most types of armour.
You have claws for hands.
Your natural rate of healing is unusually fast.
You are covered in fur. (AC +1)
You have tough skin. (AC +1)


Message History

Found a scroll labelled FITHRA XOGAOMP.
The adder bites you but does no damage.
You closely miss the adder. The adder barely misses you.
You claw the adder!
The adder is almost dead.
The adder bites you. The wight closely misses you.
The adder closely misses you.
You closely miss the adder.
The adder is almost dead.
The adder bites you.
You are poisoned.
The adder poisons you! The wight completely misses you.
You claw the adder!
You kill the adder!
You feel sick.
The wight hits you from afar with a +2 halberd!
* * * LOW HITPOINT WARNING * * *
You feel sick.
You feel sick.
You feel sick.
You feel sick.
You feel sick.
You feel sick.
You are no longer poisoned.
There is a stone staircase leading up here.
You climb upwards.
There is a stone staircase leading down here.
You start resting.
HP restored.
You climb downwards.
The wight hits you from afar with a +2 halberd!
The wight hits you with a +2 falchion!
You feel drained. The wight hits you with a +3 hand axe.
The wight hits you from afar with a +2 halberd!
* * * LOW HITPOINT WARNING * * *
The wight completely misses you. The wight hits you with a +2 falchion!
* * * LOW HITPOINT WARNING * * *
There is a stone staircase leading up, spattered with blood here.
The wight hits you but does no damage. The wight hits you with a +3 hand axe!
You die...

#.#.###.#.##.....##.#.# #.#
...)# #.#...##...##+#+# #z#
#.#)# #.#.####...#.......z..#
#.#)###.#........+.?....z...#
..#.).#..........#..........#
..###.#'##.......#..........#
...............z.#..........#
..####.<........z#..........#
(.#.........)...@#..........#
#.........#..z##
#.....#####...# #.....# #####
#.....# #.....# #.....#
#.....# #.....#


You could see 3 wights.

Vanquished Creatures
  2 adders
  3 gnolls (D:2)
  2 dart slugs
  5 orcs (D:3)
  5 endoplasms
  2 giant cockroaches
  5 goblins
  3 hobgoblins (D:1)
  10 jackals
  A quokka (D:1)
  A ball python (D:1)
  2 bats
  A frilled lizard (D:1)
  2 kobolds (D:2)
  3 rats
47 creatures vanquished.

Notes
Turn   | Place    | Note
-------+----------+-------------------------------------------
     0 | D:1      | mordus the Troll Monk began the quest for the Orb.
     0 | D:1      | Reached XP level 1. HP: 22/22 MP: 0/0
    61 | D:1      | Reached XP level 2. HP: 29/29 MP: 1/1
   614 | D:2      | Reached XP level 3. HP: 36/36 MP: 2/2
   627 | D:2      | Reached skill level 4 in Unarmed Combat
   794 | D:2      | Found a faded altar of an unknown god.
   927 | D:2      | Reached XP level 4. HP: 14/44 MP: 3/3
  1495 | D:3      | HP: 1/42 [wight/+2 falchion (9)]
  1496 | D:3      | Slain by a wight

Illustrated notes

Levels and vault maps discovered:
D:1:      noname_arrival_rooms_in_the_neighbourhood, layout_basic,
          eino_curves_01
D:2:      layout_loops_ring, hellmonk_ecumenical_altar_run_dry,
          minmay_heptomino_l4
D:3:      lemuel_castle_with_subvaults [lemuel_castle_interior_carwin_1],
          layout_basic, serial_shops, nicolae_shop_waterfront,
          kennysheep_generic_room_12

Skill      XL: |  1  2  3 |
---------------+----------+-----
Unarmed Combat | 4 |  4.7
Dodging        | 3 |  3.2
Fighting       | |  2.4
Maces & Flails | |  0.4
Stealth        | |  1.0

Action                   |  1- 3 |  4- 6 || total
-------------------------+-------+-------++-------
Melee: Unarmed           |    79 |    50 ||   129
       Punch             |       |     1 ||     1
Armor: Robe              |    12 |    23 ||    35
Dodge: Dodged            |    51 |    29 ||    80

Table legend: (Time is in decaauts)
 A = Elapsed time spent in this place.
 B = Non-inter-level travel time spent in this place.
 C = Inter-level travel time spent in this place.
 D = Time resting spent in this place.
 E = Time spent auto-exploring this place.
 F = Levels seen in this place.
 G = Mean time per level.
                   A        B        C        D        E       F      G
               +--------+--------+--------+--------+--------+-----+--------+
         Total |   1486 |   1465 |     21 |     64 |   1115 |   3 |  495.3 |
       Dungeon |   1486 |   1465 |     21 |     64 |   1115 |   3 |  495.3 |
               +--------+--------+--------+--------+--------+-----+--------+

Top non-repeatable levels by time:
     D:2: 701 daAuts
     D:1: 585 daAuts
     D:3: 199 daAuts
